 Dungeon Crawl Stone Soup version 0.31-a0-844-gdc52ec4e09 (webtiles) character file.

Game seed: 12727704846489194233

282359 hikkokomori the Warrior (level 20, -22/134 HPs)
             Began as a Gargoyle Fighter on Sept 29, 2023.
             Was the Champion of Okawaru.
             Killed from afar by Hucouhao's ghost (60 damage)
             ... with an iron shot
             ... on level 1 of the Elven Halls.
             The game lasted 02:31:51 (40016 turns).

hikkokomori the Warrior (Gargoyle Fighter)         Turns: 40016, Time: 02:31:52

Health: -22/134    AC: 40    Str: 23    XL:     20   Next: 53%
Magic:  30/37      EV: 22    Int: 16    God:    Okawaru [******]
Gold:   179        SH: 16    Dex: 11    Spells: 22/46 levels left

rFire   + . .        Y - +10 morningstar "Eos" {elec, Halo rElec}
rCold   + . .        W - +3 warlock's mirror {omnireflect}
rNeg    + + .        L - +7 steam dragon scales of Tuusip {+Blink Slay+2}
rPois   ∞            I - -2 hat of the Alchemist {rElec rPois rF+ rC+ rN+ Will+ rMut rCorr}
rElec   +            H - +0 cloak
rCorr   +            N - +2 pair of gloves {hurl}
SInv    .            s - +2 pair of boots
Will    ++...        K - amulet of Impatience {Reflect rElec Str+3 SH+5}
Stlth   ++           l - +4 ring of protection
HPRegen 0.42/turn    h - +5 ring of evasion
MPRegen 0.25/turn

%: reflection, resist mutation
@: heroic, flying, hasted, glowing, studying Fighting, very quick
A: sickness immunity, AC +15, big wings, negative energy resistance 1,
electricity resistance, torment resistance 1, petrification resistance
}: 2/15 runes: serpentine, barnacled
a: Renounce Religion, Evoke Blink, Heroism, Finesse, Duel


You were on level 1 of the Elven Halls.
You worshipped Okawaru.
Okawaru was exalted by your worship.
You visited 7 branches of the dungeon, and saw 32 of its levels.
You also visited: Ossuary, Bailey and Gauntlet.

You collected 5572 gold pieces.
You spent 5393 gold pieces at shops.

Inventory:

Hand Weapons
 w - the +9 broad axe "Lesupes" {vamp, rF+ Will- rCorr}
   (Okawaru gifted it to you on level 4 of the Lair of Beasts)

   rF+:       It protects you from fire.
   Will-:     It decreases your willpower.
   rCorr:     It protects you from acid and corrosion.
 Y - the +10 morningstar "Eos" (weapon) {elec, Halo rElec}
   (You found it on level 4 of the Lair of Beasts)

   Halo:      It grants its wielder a halo, revealing invisible creatures and
   increasing accuracy against all within it other than the wielder.
   rElec:     It insulates you from electricity.
Missiles
 C - 4 darts of dispersal
 D - 18 atropa-tipped darts
 Q - 10 throwing nets
 T - 25 silver javelins
 X - 4 curare-tipped darts (quivered)
Armour
 s - a +2 pair of boots (worn)
 G - a +0 tower shield of reflection
 H - a +0 cloak (worn)
 I - the -2 hat of the Alchemist (worn) {rElec rPois rF+ rC+ rN+ Will+ rMut rCorr}
   (You bought it in a shop on level 8 of the Dungeon)

   rF+:       It protects you from fire.
   rC+:       It protects you from cold.
   rElec:     It insulates you from electricity.
   rPois:     It protects you from poison rN+: It protects you from negative
   energy.
   Will+:     It increases your willpower.
   rCorr:     It protects you from acid and corrosion.
   rMut:      It protects you from mutation.
 L - the +7 steam dragon scales of Tuusip (worn) {+Blink Slay+2}
   (Okawaru gifted it to you on level 4 of the Lair of Beasts)

   Slay+2:    It affects your accuracy & damage with ranged weapons and melee
   (+2).
   +Blink:    It lets you blink.
 N - a +2 pair of gloves of hurling (worn)
 P - the +1 pair of gloves of the Lobster {rCorr Str+3 Int+2}
   (You found it in a Gauntlet)

   Str+3:     It affects your strength (+3).
   Int+2:     It affects your intelligence (+2).
   rCorr:     It protects you from acid and corrosion.
 W - the +3 warlock's mirror (worn) {omnireflect}
   (You bought it in a shop on level 1 of the Elven Halls)

   Omnireflect: It can block and reflect piercing ranged attacks and magical
   attacks against the wielder's willpower.
Jewellery
 h - a +5 ring of evasion (right hand)
 l - a +4 ring of protection (left hand)
 y - an amulet of magic regeneration
 F - a +6 ring of intelligence
 K - the amulet of Impatience (around neck) {Reflect rElec Str+3 SH+5}
   (You bought it in a shop on level 12 of the Dungeon)

   [amulet of reflection]

   Reflect:   It reflects blocked missile attacks.
   Str+3:     It affects your strength (+3).
   rElec:     It insulates you from electricity.
   SH+5:      It affects your SH (+5).
 Z - an amulet of faith
Wands
 a - a wand of mindburst (8)
 u - a wand of flame (49)
 M - a wand of roots (35)
Scrolls
 d - 4 scrolls of blinking
 e - 16 scrolls of teleportation
 g - 6 scrolls of amnesia
 k - 4 scrolls of poison
 m - 6 scrolls of fear
 o - 4 scrolls of enchant armour
 t - a scroll of fog
 v - 4 scrolls of silence
 R - 2 scrolls of revelation
 V - 5 scrolls of vulnerability
Potions
 b - a potion of berserk rage
 i - 7 potions of brilliance
 j - 9 potions of enlightenment
 n - 15 potions of curing
 p - 6 potions of heal wounds
 q - 7 potions of ambrosia
 r - 5 potions of lignification
 x - 3 potions of cancellation
 A - 7 potions of mutation
 B - 3 potions of resistance
 E - 11 potions of might
 J - 5 potions of haste
 O - 2 potions of invisibility
 U - 2 potions of magic
Miscellaneous
 c - a condenser vane
 f - a lightning rod (4/4)
 S - a phial of floods


   Skills:
 + Level 17.4(22.4) Fighting
 + Level 14.8(20.2) Axes
 - Level 5.7(16.9) Maces & Flails
 - Level 5.1(10.1) Throwing
 - Level 5.6(10.6) Armour
 - Level 8.3(13.3) Dodging
 - Level 7.0(12.0) Stealth
 - Level 11.7(16.7) Shields
 + Level 13.6 Spellcasting
 + Level 11.8 Conjurations
 - Level 3.7 Translocations
 - Level 1.8 Transmutations
 + Level 3.8 Fire Magic
 - Level 6.2 Ice Magic
 - Level 7.1 Air Magic
 - Level 5.6 Poison Magic
 - Level 8.5 Invocations
 - Level 6.9 Evocations


You had 22 spell levels left.
You knew the following spells:

 Your Spells              Type           Power      Damage    Failure   Level
a - Olgreb's Toxic Radia  Pois           28%        N/A       7%          4
b - Freezing Cloud        Conj/Ice/Air   18%        6-21      6%          5
c - Swiftness             Air            33%        N/A       1%          3
d - Passwall              Tmut/Erth      10%        N/A       7%          2
e - Ozocubu's Armour      Ice            30%        N/A       1%          3
f - Ignite Poison         Fire/Tmut/Pois 22%        N/A       4%          3
g - Vhi's Electric Charg  Tloc/Air       56%        N/A       7%          4

Your spell library contained the following spells:

 Spells                   Type           Power      Damage    Failure   Level
 Magic Dart               Conj           100%       1d8       1%          1
 Sting                    Tmut/Pois      88%        1d7       1%          1
 Poisonous Vapours        Pois/Air       62%        N/A       1%          2
 Dazzling Flash           Conj/Hex       58%        N/A       1%          3
 Hailstorm                Conj/Ice       39%        3d9       1%          3
 Mephitic Cloud           Conj/Pois/Air  37%        N/A       1%          3
 Ensorcelled Hibernation  Hex/Ice        40%        N/A       2%          2
 Lesser Beckoning         Tloc           44%        N/A       2%          2
 Scorch                   Fire           46%        2d6       2%          2
 Flame Wave               Conj/Fire      36%        2d10      2%          4
 Arcjolt                  Conj/Air       20%        1d30      3%          5
 Gell's Gravitas          Tloc           22%        N/A       4%          3
 Teleport Other           Tloc           22%        N/A       4%          3
 Volatile Blastmotes      Fire/Tloc      44%        2d13      4%          3
 Conjure Ball Lightning   Conj/Air       20%        3x3d6     22%         6
 Alistair's Intoxication  Tmut/Pois      14%        N/A       38%         5
 Starburst                Conj/Fire      18%        6d7       38%         6
 Orb of Destruction       Conj           24%        9d9       41%         7
 Metabolic Englaciation   Hex/Ice        10%        N/A       45%         5
 Dispel Undead            Necr           10%        3d9       56%         4
 Plasma Beam              Fire/Air       14%        2x1d25    73%         6
 Borgnjor's Vile Clutch   Necr/Erth      5%         N/A       88%         5
 Lee's Rapid Deconstruct  Erth           5%         3d6*      88%         5
 Eringya's Noxious Bog    Tmut/Pois      11%        4d6       92%         6
 Ozocubu's Refrigeration  Ice            15%        4d10      99%         7
 Maxwell's Capacitive Co  Air            16%        ∞         100%        8
 Fire Storm               Conj/Fire      18%        8d5       100%        9
 Polar Vortex             Ice            15%        12d2*     100%        9
 Cigotuvi's Dreadful Rot  Necr/Pois/Air  Unusable   N/A       N/A         2
 Call Imp                 Summ           Unusable   N/A       N/A         2
 Summon Lightning Spire   Summ/Air       Unusable   N/A       N/A         4
 Summon Ice Beast         Ice/Summ       Unusable   N/A       N/A         4
 Animate Armour           Summ/Erth      Unusable   N/A       N/A         4
 Simulacrum               Ice/Necr       Unusable   N/A       N/A         6
 Death Channel            Necr           Unusable   N/A       N/A         6
 Summon Cactus Giant      Summ           Unusable   N/A       N/A         6

Dungeon Overview and Level Annotations

Branches:
Dungeon (15/15)            Temple (1/1) D:7            Lair (5/5) D:9
 Shoals (4/4) Lair:3        Snake (4/4) Lair:3        Slime (0/5) Lair:5
    Orc (2/2) D:10            Elf (1/3) Orc:2        Vaults (0/5) D:14
 Depths (0/4) D:15        Ossuary (visited)          Bailey (visited)
Gauntlet (visited)

Altars:
Ashenzari
Cheibriados
Dithmenos
Elyvilon
Fedhas
Gozag
Hepliaklqana
Kikubaaqudgha
Makhleb
Nemelex Xobeh
Okawaru
Qazlal
Ru
Sif Muna
Trog
Uskayaw
Vehumet
Wu Jian
Xom
Yredelemnul
Zin
The Shining One

Shops:
D:8 [   D:12 (==?(   Orc:2 *!(?   Elf:1 :[!   Shoals:3 [   Shoals:4 (
Snake:1 !*(*

Portals:
Abyss: Snake:4

Annotations:
D:6 Duvessa
Lair:2 3 runed translucent doors, Couk's ghost, journeyman MiFi; Vujin's ghost, journeyman MiFi
Elf:1 Couxach's ghost, adept DjFE; Hucouhao's ghost, adept DsCj; ShinQuickMan's ghost, journeyman DECj; Viaheush's ghost, journeyman GnWn; puppykicker's ghost, adept TeAE


Innate Abilities, Weirdness & Mutations

You are immune to sickness and miasma.
Your stone body is resilient. (AC +15)
You are immune to poison.
Your large and strong wings let you fly.
You resist negative energy. (rN+)
You are resistant to electric shocks. (rElec)
You are resistant to unholy torment.
You are immune to petrification.


Message History

You barely miss Hucouhao's ghost.
Hucouhao's ghost is heavily damaged.
Hucouhao's ghost points at you and mumbles some strange words.
Your +3 warlock's mirror {omnireflect} blocks the iron shot... and reflects it back!
The iron shot hits Hucouhao's ghost!
The iron shot hits Hucouhao's ghost!!!
The wraith is engulfed in freezing vapours.
You puncture Hucouhao's ghost!
Hucouhao's ghost is almost destroyed.
The wraith hits the fungus.
Unknown command.
You hit Hucouhao's ghost but do no damage.
Hucouhao's ghost is almost destroyed.
The spellforged servitor disappears in a puff of smoke!
Hucouhao's ghost completely misses you.
The wraith is engulfed in freezing vapours.
ShinQuickMan's ghost shrieks, "You must not succeed where I failed!"
Hucouhao's ghost points next to you and mumbles some strange words.
The wall shatters!
You block the blast of rock fragments.
You barely miss Hucouhao's ghost.
Hucouhao's ghost is almost destroyed.
A nearby fungus withers and dies.
Puppykicker's ghost gestures wildly while chanting.
Puppykicker's ghost puts on a burst of speed!
Hucouhao's ghost whispers, "Meet the emptiness of death!"
Hucouhao's ghost hits you but does no damage.
You hit Hucouhao's ghost but do no damage.
Hucouhao's ghost is almost destroyed.
Puppykicker's ghost waves its arms in wide circles.
The air twists around and strikes you. Hucouhao's ghost hits you.
Unknown command.
You thump Hucouhao's ghost!
Hucouhao's ghost is almost destroyed.
Couxach's ghost points at you and mumbles some strange words.
You feel haunted.
You feel yourself speed up.
Hucouhao's ghost gestures at you while chanting.
The iron shot hits you!!!
* * * LOW HITPOINT WARNING * * *
The iron shot hits you!!!
You die...

##.## ##...#'## #...# ##
##.## #'####.## #.8.# ##.
##.## #.# ##)## #...### ##.#
##.## #.# ##.# #...'.###.##
##.####'# #####.#.####.###
##'#...## #.....###.#### #
##.....## ##.#####.## #. ###
#.....We########'.##'## #.
..#
#....WWWWW@WW.+.)...######.
###
#....eWW#######.....+....'.
## ##.....WW## #.....######.
.## ##...##..# ###+#?### ##
#.## ###(####.###...### ##'
##.## #.e............# ##.#
##.## #...W..........# ##.##
##.###W.''''''''''..# ##.##
##.##.WW'+++++++'..######.##


You could see a deep elf archer (repels missiles), a freezing wraith (summoned),
a deep elf zephyrmancer, 3 wraiths, Couxach's ghost, 2 ghosts called Hucouhao,
ShinQuickMan's ghost, Viaheush's ghost and puppykicker's ghost (swift).

Vanquished Creatures
  The ghost of SlowGraham the Earth Mage, a veteran FoEE of Vehumet (Elf:1)
  Vashnia (Arena)
  Nikola (Shoals:4)
  Agnes (Snake:1)
  7 krakens
  A tentacled starspawn (Snake:4)
  Donald (Snake:3)
  Kirke (D:13)
  The ghost of lunkers the Black Belt, an adept MeSh of Qazlal (Snake:4)
  Aizul (Snake:2)
  Ilsuiw (Shoals:3)
  4 nagarajas
  A frost giant (D:14)
  Louise (Snake:3)
  2 orc warlords (Orc:2)
  A quicksilver ooze (Gauntlet)
  2 very ugly things (Snake:4)
  3 deep elf demonologists (Elf:1)
  2 deep elf annihilators (Elf:1)
  The ghost of Age the Warrior, a journeyman MiFi of Gozag (D:9)
  A minotaur (Gauntlet)
  5 merfolk javelineers
  10 merfolk impalers
  Josephine (D:15)
  2 fire dragons (Lair:5)
  Fannar (D:11)
  10 salamander tyrants
  2 vault guards (D:14)
  5 hydras
  An ironbound frostheart (D:14)
  A rakshasa (D:14)
  11 anacondas
  An ogre mage (D:15)
  Erica (D:10)
  3 merfolk avatars
  7 centaur warriors
  A satyr (Shoals:3)
  6 boulder beetles
  6 dancing weapons (Elf:1)
  11 merfolk aquamancers
  An alligator snapping turtle (Shoals:1)
  A death knight (D:14)
  4 two-headed ogres
  A tengu warrior (D:13)
  16 naga warriors
  11 death yaks
  5 orc high priests (Orc:2)
  A thrashing horror (Snake:4)
  18 naga sharpshooters
  8 shock serpents
  Nergalle (D:11)
  7 deep elf knights (Elf:1)
  Amaemon (Lair:1)
  7 skysharks
  4 salamander mystics
  13 sea snakes
  2 skeletal warriors
  A wizard (D:15)
  A swamp dragon (Lair:5)
  8 deep elf archers (Elf:1)
  9 harpies
  8 naga ritualists
  13 deep elf pyromancers
  2 phantasmal warriors (D:13)
  5 orc sorcerers
  3 orc knights (Orc:2)
  A necromancer (D:15)
  2 lindwurms (Lair:5)
  Pikel (D:5)
  A sphinx simulacrum (D:14)
  13 deep elf zephyrmancers (Elf:1)
  13 mana vipers
  13 ugly things
  7 cyclopes
  17 manticores
  6 fauns
  A moth of wrath (Gauntlet)
  A large abomination (Snake:4)
  15 naga magi
  15 elephants
  39 black mambas
  28 salamanders
  Joseph (D:8)
  10 merfolk sirens
  7 guardian serpents
  5 torpor snails (Lair:5)
  6 water nymphs
  An orange demon (Lair:1)
  An apocalypse crab (Snake:4)
  The ghost of THTSBRD the Poker, a novice MfBe of Trog (D:5)
  Jeremiah (D:8)
  An unseen horror (shapeshifter) (D:15)
  A centaur skeleton (D:15)
  13 cane toads
  2 gargoyles
  2 unseen horrors
  8 rime drakes
  18 komodo dragons
  3 kobold demonologists
  An efreet (D:13)
  A yaktaur (D:15)
  3 freezing wraiths
  A yaktaur (shapeshifter) (D:14)
  A tengu conjurer (D:14)
  A queen bee (D:9)
  8 trolls
  2 polar bears
  55 merfolk
  3 tyrant leeches (Lair:5)
  3 wind drakes
  4 meliai
  A raiju (Snake:4)
  11 snapping turtles
  A wolf spider simulacrum (D:15)
  6 hornets (Lair:5)
  7 dream sheep
  11 blink frogs
  14 slime creatures
  A shadow (D:10)
  3 centaur simulacra
  2 vampires
  13 water elementals
  A wyvern (Lair:1)
  57 yaks
  4 fire elementals (Elf:1)
  8 wraiths
  6 humans (D:14)
  3 steam dragons
  3 redbacks (Gauntlet)
  5 basilisks
  3 vampire mosquitoes
  Menkaure (D:5)
  40 nagas
  5 wargs (Orc:2)
  A swamp worm (Lair:2)
  An acid dragon (Lair:5)
  24 water moccasins
  2 ice beasts (D:7)
  A black bear (D:6)
  A meliai simulacrum (D:14)
  51 orc warriors
  5 wolves
  A sky beast (D:7)
  5 boggarts (D:15)
  16 ogres
  18 centaurs
  2 kobold brigands
  A phantom (D:4)
  11 bullfrogs
  11 scorpions
  2 gnoll sergeants
  8 wights
  Dowan (D:6)
  22 killer bees
  2 howler monkeys
  7 electric eels
  3 centaur zombies (Ossuary)
  3 quasits (D:5)
  6 hounds
  35 orc priests
  7 starcursed masses (Snake:4)
  Crazy Yiuf (D:6)
  3 gnoll boudas
  A human zombie (Ossuary)
  A jelly (D:5)
  11 iguanas
  2 sleepcaps (D:5)
  7 hell rats (Lair:5)
  6 scorpion zombies (Ossuary)
  25 orc wizards
  A boggart zombie (D:15)
  3 mummies (Ossuary)
  26 gnolls
  6 adders
  A shadow imp (D:5)
  2 white imps (D:7)
  2 worms
  2 dart slugs
  117 orcs
  10 endoplasms
  6 giant cockroaches
  A gnoll zombie (Ossuary)
  19 goblins
  8 hobgoblins
  5 quokkas
  5 ball pythons
  4 bats
  4 frilled lizards
  3 goblin zombies (Ossuary)
  2 hobgoblin zombies (Ossuary)
  27 kobolds
  A kobold zombie (Ossuary)
  3 orc zombies (Ossuary)
  4 rats
  A starspawn tentacle (Snake:4)
  9 tentacles
1390 creatures vanquished.

Vanquished Creatures (others)
  A merfolk impaler (Shoals:3)
  A merfolk aquamancer (Shoals:3)
  A naga sharpshooter (Snake:2)
  A faun (Shoals:1)
  A salamander (Snake:4)
  A guardian serpent (Snake:3)
  A water elemental (Elf:1)
  An adder (D:6)
  3 goblins (D:9)
  A hobgoblin (D:9)
  A butterfly (Lair:4)
  A starspawn tentacle (Snake:4)
  35 tentacles
49 creatures vanquished.

Grand Total: 1439 creatures vanquished

Notes
Turn   | Place    | Note
-------+----------+-------------------------------------------
     0 | D:1      | hikkokomori the Gargoyle Fighter began the quest for the
                  | Orb.
     0 | D:1      | Reached XP level 1. HP: 14/14 MP: 1/1
   156 | D:1      | Reached XP level 2. HP: 14/19 MP: 2/2
   525 | D:1      | Reached XP level 3. HP: 23/24 MP: 3/3
  1186 | D:2      | Reached skill level 4 in Fighting
  1422 | D:2      | Reached XP level 4. HP: 29/29 MP: 4/4
  1913 | D:3      | Found a faded altar of an unknown god.
  2525 | D:3      | Reached XP level 5. HP: 22/34 MP: 5/5
  2689 | D:3      | Noticed an ogre
  2847 | D:4      | Found a hazy altar of Hepliaklqana.
  2883 | D:5      | Entered Level 5 of the Dungeon
  3004 | D:4      | Reached skill level 1 in Spellcasting
  3004 | D:4      | Reached XP level 6. HP: 30/40 MP: 7/7
  3095 | D:4      | Reached skill level 5 in Fighting
  3148 | D:4      | Found a sand-covered staircase.
  3154 | Ossuary  | Entered an ossuary
  3173 | Ossuary  | Reached skill level 5 in Shields
  3232 | Ossuary  | Reached XP level 7. HP: 7/44 MP: 10/10
  3388 | Ossuary  | Learned a level 4 spell: Olgreb's Toxic Radiance
  3569 | Ossuary  | Reached skill level 6 in Fighting
  3595 | Ossuary  | Reached XP level 8. HP: 39/51 MP: 11/13
  3664 | Ossuary  | Reached skill level 5 in Axes
  3866 | D:4      | Reached skill level 7 in Fighting
  4685 | D:5      | Found a transporter.
  4752 | D:5      | Noticed Pikel
  4786 | D:5      | Killed Pikel
  4787 | D:5      | Reached skill level 5 in Spellcasting
  4787 | D:5      | Reached XP level 9. HP: 25/59 MP: 14/16
  4960 | D:5      | Found a transporter.
  4984 | D:5      | Noticed THTSBRD's ghost (novice MfBe)
  5067 | D:5      | Reached skill level 8 in Fighting
  5108 | D:5      | Learned a level 5 spell: Freezing Cloud
  5216 | D:5      | Found a radiant altar of Vehumet.
  5606 | D:5      | Reached skill level 1 in Conjurations
  5606 | D:5      | Reached skill level 1 in Ice Magic
  5959 | D:5      | Noticed Menkaure
  5976 | D:5      | Killed Menkaure
  6321 | D:5      | Learned a level 3 spell: Swiftness
  6425 | D:6      | Noticed Duvessa
  6425 | D:6      | Noticed Dowan
  6440 | D:6      | Identified the +1 robe "Giniff" {Int-3 Dex+6}
  6888 | D:6      | Killed Dowan
  6889 | D:6      | Reached skill level 1 in Air Magic
  6889 | D:6      | Reached XP level 10. HP: 65/65 MP: 19/19
  7149 | D:7      | Found a staircase to the Ecumenical Temple.
  7181 | Temple   | Entered the Ecumenical Temple
  7226 | Temple   | Became a worshipper of Warmaster Okawaru
  7299 | D:6      | Reached skill level 1 in Stealth
  7315 | D:6      | Reached skill level 1 in Poison Magic
  7482 | D:6      | Found a runed translucent door.
  7483 | D:6      | Noticed Crazy Yiuf
  7490 | D:6      | Killed Crazy Yiuf
  8290 | D:7      | Reached skill level 1 in Invocations
  8633 | D:8      | Noticed a two-headed ogre
  8737 | D:8      | Noticed a cyclops
  8795 | D:8      | Killed a two-headed ogre
  8987 | D:8      | Reached * piety under Okawaru
  8997 | D:8      | Killed a cyclops
  9012 | D:8      | Noticed Joseph
  9283 | D:8      | Noticed Jeremiah
  9464 | D:8      | Found Mypaveb's Antique Armour Shop.
  9467 | D:8      | Bought a pair of embroidered gloves for 240 gold pieces
  9534 | D:8      | Killed Jeremiah
  9683 | D:8      | Found an ornate altar of the Wu Jian Council.
  9779 | D:8      | Reached skill level 5 in Stealth
  9805 | D:8      | Reached XP level 11. HP: 66/69 MP: 20/20
  9852 | D:8      | Killed Joseph
  9852 | D:8      | Reached ** piety under Okawaru
  9937 | D:8      | Found an opulent altar of Gozag.
 10005 | D:9      | Reached skill level 5 in Poison Magic
 10046 | D:9      | Found a staircase to the Lair.
 10311 | D:9      | Found a flagged portal.
 10368 | Bailey   | Entered a bailey
 10666 | Bailey   | Identified a scroll of acquirement
 10707 | Bailey   | Reached *** piety under Okawaru
 11017 | D:9      | Found a basalt altar of Yredelemnul.
 11334 | D:9      | Noticed Age's ghost (journeyman MiFi)
 11347 | D:9      | Found a transporter.
 11360 | D:9      | Found a transporter.
 11580 | D:9      | Found a bloodstained altar of Trog.
 11658 | D:10     | Entered Level 10 of the Dungeon
 11751 | D:10     | Reached skill level 9 in Fighting
 12010 | D:10     | Found a blossoming altar of Fedhas.
 12017 | D:10     | Reached **** piety under Okawaru
 12018 | D:10     | Reached skill level 1 in Dodging
 12050 | D:10     | Found an ancient bone altar of Kikubaaqudgha.
 12052 | D:10     | Acquired 748 gold pieces
 12054 | D:10     | Acquired 884 gold pieces
 12169 | D:8      | Bought the -2 hat of the Alchemist {rElec rPois rF+ rC+ rN+
                  | Will+ rMut rCorr} for 1510 gold pieces
 12169 | D:8      | Found the -2 hat of the Alchemist {rElec rPois rF+ rC+ rN+
                  | Will+ rMut rCorr}
 12253 | Lair:1   | Entered Level 1 of the Lair of Beasts
 12477 | D:10     | Found a staircase to the Orcish Mines.
 12516 | Orc:1    | Entered Level 1 of the Orcish Mines
 12534 | Orc:1    | Noticed Erica
 12557 | D:10     | Killed Erica
 12558 | D:10     | Reached XP level 12. HP: 26/76 MP: 9/22
 13298 | D:9      | Reached ***** piety under Okawaru
 13483 | Lair:1   | Reached skill level 5 in Invocations
 13485 | Lair:1   | Received a gift from Okawaru
 13641 | Lair:1   | Reached skill level 10 in Fighting
 14217 | Lair:1   | Noticed Amaemon
 14246 | Lair:1   | Killed Amaemon
 14489 | Lair:2   | Noticed a five-headed hydra
 14491 | Lair:2   | Noticed a skyshark
 14498 | Lair:2   | Killed a one-headed hydra
 14499 | Lair:2   | Reached skill level 10 in Axes
 14515 | Lair:2   | Killed a skyshark
 14709 | Lair:2   | Noticed a five-headed hydra
 14769 | Lair:2   | Killed a one-headed hydra
 14999 | Lair:2   | Reached XP level 13. HP: 66/83 MP: 25/25
 15351 | Lair:2   | Found a runed translucent gate.
 15351 | Lair:2   | Found a runed translucent gate.
 15352 | Lair:2   | Found a runed translucent gate.
 15355 | Lair:2   | Noticed Vujin's ghost (journeyman MiFi)
 15355 | Lair:2   | Noticed Couk's ghost (journeyman MiFi)
 15907 | Lair:3   | Found a staircase to the Shoals.
 16161 | Lair:3   | Received a gift from Okawaru
 16164 | Lair:3   | Reached skill level 11 in Fighting
 16243 | Lair:3   | Reached skill level 5 in Dodging
 16618 | Lair:3   | Found a staircase to the Snake Pit.
 17150 | Lair:4   | Received a gift from Okawaru
 17564 | Lair:4   | Found the +10 morningstar "Eos" {elec, Halo rElec}
 17614 | Lair:4   | Reached skill level 1 in Throwing
 18245 | Lair:5   | Entered Level 5 of the Lair of Beasts
 18345 | Lair:5   | Reached skill level 1 in Maces & Flails
 18398 | Lair:5   | Found a staircase to the Slime Pits.
 18436 | Lair:4   | Reached ****** piety under Okawaru
 18437 | Lair:4   | Acquired the +9 broad axe "Lesupes" {vamp, rF+ Will- rCorr}
 18437 | Lair:4   | Received a gift from Okawaru
 18439 | Lair:4   | Acquired the +7 steam dragon scales of Tuusip {+Blink
                  | Slay+2}
 18439 | Lair:4   | Received a gift from Okawaru
 18575 | Lair:5   | Received a gift from Okawaru
 18586 | Lair:5   | Gained mutation: Your large and strong wings let you fly.
                  | [Gargoyle growth]
 18586 | Lair:5   | Reached XP level 14. HP: 90/90 MP: 27/27
 18751 | Lair:5   | Received a gift from Okawaru
 18887 | Lair:5   | Received a gift from Okawaru
 19019 | Lair:5   | Reached skill level 5 in Air Magic
 19089 | Lair:5   | Found a runed translucent door.
 19268 | Lair:5   | Reached skill level 5 in Maces & Flails
 19605 | Lair:5   | Received a gift from Okawaru
 19637 | Lair:5   | Reached skill level 5 in Throwing
 20203 | D:5      | Killed THTSBRD's ghost
 20342 | D:9      | Killed Age's ghost
 20454 | D:11     | Learned a level 2 spell: Passwall
 20645 | D:11     | Noticed Fannar
 20659 | D:11     | Reached XP level 15. HP: 87/95 MP: 26/28
 20665 | D:11     | Killed Fannar
 21177 | D:11     | Noticed Nergalle
 21188 | D:11     | Killed Nergalle
 21310 | D:12     | Reached skill level 5 in Conjurations
 21468 | D:12     | Found Beamobagu's Magic Scroll Shoppe.
 21500 | D:12     | Bought a scroll of blinking for 90 gold pieces
 21515 | D:12     | Found Qiynope's Jewellery Shop.
 21641 | D:12     | Received a gift from Okawaru
 21650 | D:12     | Found Fufauko's Weapon Shop.
 21661 | D:12     | Found Vashrer's Jewellery Shoppe.
 21666 | D:12     | Bought the amulet of Impatience {Reflect rElec Str+3 SH+5}
                  | for 653 gold pieces
 21800 | D:12     | Found Mila's Weapon Emporium.
 22133 | Orc:2    | Entered Level 2 of the Orcish Mines
 22593 | Orc:2    | Reached skill level 1 in Evocations
 22664 | Orc:2    | Found Jacus's Distillery.
 22677 | Orc:2    | Bought 3 potions of curing for 99 gold pieces
 22677 | Orc:2    | Bought a potion of might for 44 gold pieces
 22677 | Orc:2    | Bought a potion of heal wounds for 55 gold pieces
 22677 | Orc:2    | Bought a potion of enlightenment for 55 gold pieces
 22677 | Orc:2    | Bought a potion of invisibility for 88 gold pieces
 22683 | Orc:2    | Found Ytilliss's Assorted Antiques.
 22704 | Orc:2    | Bought a potion of invisibility for 208 gold pieces
 22704 | Orc:2    | Bought a scroll labelled FASESA TERAME for 26 gold pieces
 22803 | Orc:2    | Noticed an orc warlord
 22850 | Orc:2    | Killed an orc warlord
 22917 | Orc:2    | Identified the +10 scale mail of Unreason {rC+}
 23076 | Orc:2    | Received a gift from Okawaru
 23192 | Orc:2    | Reached skill level 12 in Fighting
 23361 | Orc:2    | Found a staircase to the Elven Halls.
 23487 | Orc:2    | Noticed an orc warlord
 23500 | Orc:2    | Killed an orc warlord
 23525 | Orc:2    | Found Idunykir's Magic Scroll Shoppe.
 23686 | Orc:2    | Found Ilaypn's Weapon Emporium.
 24036 | D:13     | Reached skill level 5 in Ice Magic
 24239 | D:13     | Found a gate leading to a gauntlet.
 24297 | Gauntlet | Entered a Gauntlet
 24297 | Gauntlet | Found a transporter.
 24307 | Gauntlet | Found a transporter.
 24309 | Gauntlet | Found a transporter.
 24313 | Gauntlet | Found a transporter.
 24314 | Gauntlet | Found a transporter.
 24314 | Gauntlet | Found a transporter.
 24334 | Gauntlet | Found a transporter.
 24354 | Gauntlet | Found a transporter.
 24416 | Gauntlet | Reached skill level 10 in Spellcasting
 24470 | Gauntlet | Identified the +1 pair of gloves of the Lobster {rCorr
                  | Str+3 Int+2}
 24804 | D:13     | Received a gift from Okawaru
 24875 | D:13     | Reached XP level 16. HP: 90/101 MP: 30/30
 25455 | D:14     | Identified the +2 ring mail "Dowialet" {Str+6}
 25469 | D:14     | Noticed Kirke
 26045 | D:13     | Killed Kirke
 26333 | D:14     | Received a gift from Okawaru
 26365 | D:14     | Acquired the Incunable of the Wind and the Discharge
 26427 | D:14     | You are sucked into a shaft and drop 1 floor!
 26427 | D:15     | Entered Level 15 of the Dungeon
 26480 | D:14     | Identified the +8 battleaxe of the Sage {freeze, rC+ Dex+2}
 26526 | D:14     | Learned a level 3 spell: Ozocubu's Armour
 26698 | D:14     | Received a gift from Okawaru
 26727 | D:14     | Found a gate to the Vaults.
 27624 | D:15     | Received a gift from Okawaru
 27763 | D:15     | Found a staircase to the Depths.
 27808 | D:15     | Noticed Josephine
 27815 | D:15     | Killed Josephine
 28006 | D:15     | Found a sacrificial altar of Ru.
 28282 | Snake:1  | Entered Level 1 of the Snake Pit
 28309 | Snake:1  | Reached skill level 5 in Armour
 28520 | Snake:1  | Reached skill level 13 in Fighting
 28719 | Snake:1  | Reached XP level 17. HP: 102/108 MP: 27/31
 28725 | Snake:1  | Noticed Agnes
 28737 | Snake:1  | Killed Agnes
 28922 | Snake:1  | Found Ruyrghiass's Assorted Antiques.
 28924 | Snake:1  | Found Vatuoc's Antique Weapon Shoppe.
 28924 | Snake:1  | Found Lodahem's General Store.
 28927 | Snake:1  | Found Golailehi's Distillery.
 28955 | Snake:1  | Bought 2 potions of haste for 700 gold pieces
 28955 | Snake:1  | Bought a potion of cancellation for 280 gold pieces
 29280 | Snake:2  | Received a gift from Okawaru
 29401 | Snake:2  | Noticed Vashnia
 29716 | Snake:2  | Received a gift from Okawaru
 29785 | Snake:2  | Noticed Aizul
 29802 | Snake:2  | Killed Aizul
 30027 | Arena    | Entered the Arena
 30033 | Arena    | Killed Vashnia
 30319 | Snake:2  | Received a gift from Okawaru
 30523 | Snake:2  | Reached skill level 5 in Evocations
 30687 | Snake:3  | Noticed Donald
 30699 | Snake:3  | Killed Donald
 30782 | Snake:3  | Reached skill level 10 in Conjurations
 30810 | Snake:3  | Reached skill level 14 in Fighting
 30810 | Snake:3  | Reached XP level 18. HP: 116/116 MP: 12/33
 31221 | Snake:3  | Noticed Louise
 31237 | Snake:3  | Killed Louise
 31750 | Snake:3  | Received a gift from Okawaru
 32212 | Snake:4  | Entered Level 4 of the Snake Pit
 32446 | Snake:4  | Found a transporter.
 32611 | Snake:4  | Found a transporter.
 32639 | Snake:4  | Found a one-way gate to the infinite horrors of the Abyss.
 32639 | Snake:4  | Noticed lunkers's ghost (adept MeSh)
 32660 | Snake:4  | Received a gift from Okawaru
 32803 | Snake:4  | Got a serpentine rune of Zot
 32834 | Snake:4  | Received a gift from Okawaru
 33411 | Snake:4  | Killed lunkers's ghost
 33416 | Snake:4  | Paralysed by accursed screaming for 1 turns
 33430 | Snake:4  | Reached skill level 10 in Shields
 33747 | Shoals:1 | Entered Level 1 of the Shoals
 33803 | Shoals:1 | Reached XP level 19. HP: 73/123 MP: 35/35
 33883 | Shoals:1 | Received a gift from Okawaru
 34560 | Shoals:2 | Learned a level 3 spell: Ignite Poison
 34565 | Shoals:2 | Learned a level 4 spell: Vhi's Electric Charge
 34579 | Shoals:2 | Reached skill level 15 in Fighting
 34847 | Shoals:2 | Reached skill level 1 in Translocations
 35782 | Shoals:3 | Received a gift from Okawaru
 36004 | Shoals:3 | Noticed Ilsuiw
 36054 | Shoals:3 | Killed Ilsuiw
 36202 | Shoals:3 | Found Ceageacs's Armour Emporium.
 36300 | Shoals:3 | Identified the +0 arbalest of Puonol {freeze, +Blink}
 36355 | Shoals:3 | Received a gift from Okawaru
 36360 | Shoals:3 | Reached skill level 16 in Fighting
 36872 | Shoals:4 | Entered Level 4 of the Shoals
 37073 | Shoals:4 | Noticed Nikola
 37894 | Shoals:4 | Reached skill level 1 in Fire Magic
 37935 | Shoals:4 | Reached XP level 20. HP: 108/132 MP: 29/37
 37940 | Shoals:4 | Reached skill level 1 in Transmutations
 38100 | Shoals:4 | Killed Nikola
 38118 | Shoals:4 | Found Gihaiquo's Weapon Emporium.
 38200 | Shoals:4 | Received a gift from Okawaru
 38233 | Shoals:4 | Got a barnacled rune of Zot
 38758 | Elf:1    | Entered Level 1 of the Elven Halls
 38895 | Elf:1    | Found Oradd's Antique Armour Boutique.
 38919 | Elf:1    | Bought the +3 warlock's mirror {omnireflect} for 1000 gold
                  | pieces
 38919 | Elf:1    | Found the +3 warlock's mirror {omnireflect}
 38950 | Elf:1    | Identified the +6 leather armour "Porumaur" {rElec Str+3}
 39092 | Elf:1    | Found Daakleth's Distillery.
 39130 | Elf:1    | Bought a potion of heal wounds for 75 gold pieces
 39130 | Elf:1    | Bought a potion of heal wounds for 75 gold pieces
 39130 | Elf:1    | Bought a potion of berserk rage for 75 gold pieces
 39130 | Elf:1    | Bought a potion of cancellation for 120 gold pieces
 39162 | Elf:1    | Reached skill level 17 in Fighting
 39309 | Elf:1    | Found a huge runed gate.
 39309 | Elf:1    | Found a huge runed gate.
 39309 | Elf:1    | Found a huge runed gate.
 39309 | Elf:1    | Found a huge runed gate.
 39309 | Elf:1    | Found a huge runed gate.
 39309 | Elf:1    | Found a huge runed gate.
 39309 | Elf:1    | Found a huge runed gate.
 39309 | Elf:1    | Found a huge runed gate.
 39309 | Elf:1    | Found a huge runed gate.
 39309 | Elf:1    | Found a huge runed gate.
 39479 | Elf:1    | Found a huge runed gate.
 39481 | Elf:1    | Found a huge runed gate.
 39482 | Elf:1    | Found a huge runed gate.
 39501 | Elf:1    | Found Nosey's Book Shop.
 39512 | Elf:1    | Found a huge runed gate.
 39512 | Elf:1    | Found a huge runed gate.
 39512 | Elf:1    | Found a huge runed gate.
 39513 | Elf:1    | Found a huge runed gate.
 39513 | Elf:1    | Found a huge runed gate.
 39514 | Elf:1    | Found a huge runed gate.
 39522 | Elf:1    | Found a huge runed gate.
 39522 | Elf:1    | Found a huge runed gate.
 39522 | Elf:1    | Found a huge runed gate.
 39522 | Elf:1    | Found a huge runed gate.
 39522 | Elf:1    | Found a huge runed gate.
 39522 | Elf:1    | Found a huge runed gate.
 39523 | Elf:1    | Found a huge runed gate.
 39699 | Elf:1    | Found a huge runed gate.
 39700 | Elf:1    | Found a huge runed gate.
 39712 | Elf:1    | Found a huge runed gate.
 39712 | Elf:1    | Found a huge runed gate.
 39712 | Elf:1    | Found a huge runed gate.
 39712 | Elf:1    | Found a huge runed gate.
 39712 | Elf:1    | Found a huge runed gate.
 39712 | Elf:1    | Found a huge runed gate.
 39713 | Elf:1    | Found a huge runed gate.
 39717 | Elf:1    | Received a gift from Okawaru
 39768 | Elf:1    | Found a huge runed gate.
 39970 | Elf:1    | Noticed puppykicker's ghost (adept TeAE)
 39970 | Elf:1    | Noticed ShinQuickMan's ghost (journeyman DECj)
 39970 | Elf:1    | Noticed SlowGraham's ghost (veteran FoEE)
 39970 | Elf:1    | Noticed Viaheush's ghost (journeyman GnWn)
 39970 | Elf:1    | Noticed Couxach's ghost (adept DjFE)
 39970 | Elf:1    | Noticed Hucouhao's ghost (adept DsCj)
 39972 | Elf:1    | Noticed Hucouhao's ghost (adept DsCj)
 40003 | Elf:1    | Killed SlowGraham's ghost
 40016 | Elf:1    | Killed from afar by Hucouhao's ghost

Illustrated notes

Levels and vault maps discovered:
D:1:      wander_arrival_estate, layout_loops_corners
D:2:      minmay_razor_zed, layout_loops_ring
D:3:      layout_loops_corners, nicolae_ecumenical_lake_church,
          minmay_ogre_servants
D:4:      layout_cave_pods, mainiacjoe_overflow_catwalk,
          nicolae_ossuary_entry_plus
D:5:      kennysheep_big_flooded_room, layout_loops_corners,
          mainiacjoe_overflow_paths, gammafunk_ghost_stat_death,
          minmay_misc_feat_encased, chequers_garden, kennysheep_generic_room_2,
          uniq_pikel, uniq_menkaure
D:6:      minmay_skewed_foursquare, layout_rooms, uniq_crazy_yiuf_cottage,
          uniq_duvessa
D:7:      layout_loops_cross, temple_fountains
D:8:      layout_basic, lemuel_coloured_pillars_altar, lemuel_tele_altar,
          serial_shops, kennysheep_mini, uniq_joseph, uniq_jeremiah
D:9:      layout_gridville, mainiacjoe_overflow_six_doors_small, bloody_trog,
          erik_lair_island, gammafunk_ghost_hive, enter_bailey_4
D:10:     layout_roguey, grunt_temple_overflow_growth_and_decay, orc_0_dummy
D:11:     layout_stronghold, uniq_fannar, uniq_nergalle
D:12:     layout_basic, serial_shops, shop, nicolae_shop_advertising_works
          [nicolae_subvault_shop_adworks], nicolae_shop_gibbet_a_chance,
          kennysheep_mini_moat, kennysheep_little_box
D:13:     layout_stronghold, gauntlet_entry_generic, kennysheep_boxes
D:14:     minmay_coctagon, layout_cave_pools, hellmonk_vaults_keyhole,
          serial_park_square3 [serial_park_minivault_5x5_3],
          corexii_checkpoint_a, uniq_kirke
D:15:     grunt_enter_depths_magical_seal, layout_grid_maze, minmay_hedge_maze,
          minivault_23, nicolae_ru_path_of_blood, uniq_josephine
Temple:   nicolae_temple_bog_church
Lair:1:   layout_cave_shapes, beast_lair_carwin_4, grunt_megastairs_4,
          uniq_amaemon
Lair:2:   layout_misc_corridors, gammafunk_ghost_cemetery, serial_forest,
          infiniplex_forest_straight_3, infiniplex_forest_end_double,
          infiniplex_forest_lined_3_way, infiniplex_forest_3_way,
          infiniplex_forest_lined_3_way, infiniplex_forest_straight_4,
          infiniplex_forest_split, infiniplex_forest_side_room,
          infiniplex_forest_zigzag_1, worms_lemuel
Lair:3:   layout_regular_city, elwin_shoals_entry_rooms,
          guppyfry_snake_entry_garden
Lair:4:   layout_loops_ring, nicolae_quartered_pool_little, lemuel_fruit_fields
Lair:5:   wormcave, layout_cave_pods, guppyfry_lair_end_dragon, slime_entry_1
Shoals:1: layout_shoals
Shoals:2: layout_shoals
Shoals:3: nicolae_shoals_lighthouse, layout_shoals, serial_shops, shop,
          nicolae_shoals_aquamancer_cove, uniq_ilsuiw
Shoals:4: shoals_end_hangedman, layout_shoals, serial_shops, shop, uniq_nikola
Snake:1:  layout_onion_interference, minmay_shoptagon, uniq_agnes
Snake:2:  layout_honeycomb, nicolae_coiled_stairwell_up, uniq_vashnia,
          uniq_aizul
Snake:3:  layout_layer_cave, st_stairs_14, grunt_megastairs_1, uniq_louise,
          uniq_donald
Snake:4:  grunt_snake_rune_pools, layout_cave_town,
          gammafunk_ghost_abyssal_escape, serial_bayou_shore_a
Orc:1:    layout_diamond_mine, uniq_erica
Orc:2:    pubby_orc_utopia
Elf:1:    elf_arrival_001, layout_geoelf_grid, serial_shops, nicolae_shop_trees,
          nicolae_shop_tiny_statue_garden, shop, gammafunk_ghost_door_vault,
          minmay_elf_demonology

Skill      XL: |  1  2  3  4  5  6  7  8  9 10 11 12 13 14 15 16 17 18 19 20 |
---------------+-------------------------------------------------------------+-----
Axes           | 2 3 4 6 8 9 10 11 12 13 14 | 14.8
Fighting       | 4 5 6 7 8 9 10 11 12 13 14 16 17 | 17.4
Shields        | 4 5 6 8 10 11 | 11.7
Spellcasting   | 1 2 3 5 6 8 9 10 11 12 13 | 13.6
Conjurations   | 2 3 4 6 8 10 11 | 11.8
Ice Magic      | 2 3 5 6 |  6.2
Air Magic      | 1 2 3 5 6 7 |  7.1
Stealth        | 5 7 |  7.0
Poison Magic   | 4 5 |  5.6
Invocations    | 3 4 6 8 |  8.5
Dodging        | 2 4 5 7 8 |  8.3
Throwing       | 2 5 |  5.1
Maces & Flails | 2 5 |  5.7
Evocations     | 3 5 6 |  6.9
Armour         | 5 |  5.6
Translocations | 3 |  3.7
Fire Magic     | 1 3 |  3.8
Transmutations | 1 |  1.8

Action                     |  1- 3 |  4- 6 |  7- 9 | 10-12 | 13-15 | 16-18 | 19-21 || total
---------------------------+-------+-------+-------+-------+-------+-------+-------++-------
  Melee: War axe           |   118 |   163 |   471 |   938 |   242 |       |       ||  1932
         Whip              |       |    11 |       |    10 |       |       |       ||    21
         Scimitar          |       |       |       |    13 |       |       |       ||    13
         Morningstar       |       |       |       |       |   119 |   123 |   133 ||   375
         Broad axe         |       |       |       |       |   787 |  1019 |   474 ||  2280
         Unarmed           |       |       |       |       |       |     4 |       ||     4
  Throw: Dart              |       |       |       |    10 |       |     1 |       ||    11
         Boomerang         |       |       |       |     9 |       |       |       ||     9
   Cast: Olgreb's Toxic Ra |       |       |       |    22 |    59 |    22 |    39 ||   142
         Freezing Cloud    |       |       |       |       |       |    30 |    14 ||    44
         Ozocubu's Armour  |       |       |       |       |       |     1 |       ||     1
         Ignite Poison     |       |       |       |       |       |       |    24 ||    24
 Invoke: Heroism           |       |       |       |     4 |     9 |    14 |     3 ||    30
         Receive Weapon    |       |       |       |       |     1 |       |       ||     1
         Receive Armour    |       |       |       |       |     1 |       |       ||     1
         Duel              |       |       |       |       |       |     1 |       ||     1
  Evoke: Wand              |       |       |     7 |     9 |     1 |     3 |       ||    20
         Lightning rod     |       |       |       |       |       |     4 |       ||     4
    Use: Scroll            |       |     6 |     7 |    11 |     8 |    10 |       ||    42
         Potion            |       |       |     7 |       |     1 |     5 |     1 ||    14
   Stab: Sleeping          |       |       |       |     4 |    18 |    12 |     4 ||    38
         Distracted        |       |       |       |       |     2 |     1 |     2 ||     5
         Held in net/web   |       |       |       |       |     1 |       |     3 ||     4
 Armour: Scale mail        |    64 |   134 |   274 |       |       |       |       ||   472
         Skin              |       |       |    19 |       |       |     7 |       ||    26
         Steam dragon scal |       |       |   111 |   736 |   776 |   851 |   431 ||  2905
  Dodge: Dodged            |    59 |    68 |   360 |   831 |  1000 |   882 |   429 ||  3629
  Block: Buckler           |    28 |    36 |   121 |   239 |   418 |   408 |    58 ||  1308
         Reflection        |       |       |       |       |     8 |   105 |    41 ||   154
         Other             |       |       |       |       |       |     5 |       ||     5
         Kite shield       |       |       |       |       |       |   475 |   545 ||  1020
         Tower shield      |       |       |       |       |       |    34 |       ||    34

Table legend: (Time is in decaauts)
 A = Elapsed time spent in this place.
 B = Non-inter-level travel time spent in this place.
 C = Inter-level travel time spent in this place.
 D = Time resting spent in this place.
 E = Time spent auto-exploring this place.
 F = Levels seen in this place.
 G = Mean time per level.
                   A        B        C        D        E       F      G
               +--------+--------+--------+--------+--------+-----+--------+
         Total |  40404 |  38086 |   2318 |   3771 |  22435 |  36 | 1122.3 |
       Dungeon |  18155 |  16730 |   1425 |   2008 |   9611 |  15 | 1210.3 |
        Temple |     66 |     36 |     30 |      0 |      0 |   1 |   66.0 |
          Lair |   7006 |   6614 |    392 |    668 |   4237 |   5 | 1401.2 |
        Shoals |   4600 |   4486 |    114 |    273 |   2979 |   4 | 1150.0 |
     Snake Pit |   5371 |   5188 |    183 |    479 |   2865 |   4 | 1342.8 |
  Orcish Mines |   2198 |   2027 |    171 |      0 |   1392 |   2 | 1099.0 |
   Elven Halls |   1247 |   1247 |      0 |    159 |    732 |   1 | 1247.0 |
       Ossuary |    738 |    738 |      0 |    130 |    244 |   1 |  738.0 |
        Bailey |    616 |    616 |      0 |      0 |    306 |   1 |  616.0 |
      Gauntlet |    374 |    374 |      0 |     54 |     68 |   1 |  374.0 |
         Arena |     28 |     28 |      0 |      0 |      0 |   1 |   28.0 |
               +--------+--------+--------+--------+--------+-----+--------+

Top non-repeatable levels by time:
     D:5: 2018 daAuts
    D:13: 1909 daAuts
   Orc:2: 1868 daAuts
     D:7: 1693 daAuts
 Snake:3: 1632 daAuts
  Lair:5: 1620 daAuts
     D:9: 1600 daAuts
  Lair:3: 1552 daAuts
 Snake:2: 1475 daAuts
Shoals:3: 1456 daAuts
Shoals:4: 1441 daAuts
 Snake:4: 1412 daAuts
    D:10: 1388 daAuts
  Lair:1: 1367 daAuts
  Lair:4: 1300 daAuts
